 Dungeon Crawl Stone Soup version 0.30-a0-394-g3e4acdb0ae (webtiles) character file.

Game seed: 16248801524269399764

361 bande the Chopper (level 6, -3/39 HPs)
             Began as a Gargoyle Fighter on Dec 6, 2022.
             Slain by a phantom (5 damage)
             ... on level 6 of the Dungeon.
             The game lasted 00:03:06 (1806 turns).

bande the Chopper (Gargoyle Fighter)                Turns: 1806, Time: 00:03:07

Health: -3/39      AC: 17    Str: 19    XL:     6   Next: 66%
Magic:  6/6        EV:  5    Int:  9    God:
Gold:   188        SH:  4    Dex: 11    Spells: 5/5 levels left

rFire   . . .      SeeInvis .    a - +1 war axe
rCold   . . .      Faith    .    c - +0 buckler
rNeg    + + .      Spirit   .    e - +0 plate armour
rPois   ∞          Reflect  .    (no helmet)
rElec   +          Harm     .    k - +0 cloak
rCorr   .          Rampage  .    (no gloves)
Will    .....                    (no boots)
Stlth   ..........               (no amulet)
HPRegen 0.26/turn                g - ring of positive energy
MPRegen 0.10/turn                (no ring)

@: no status effects
A: sickness immunity, AC +4, negative energy resistance 1, electricity
resistance, torment resistance 1, petrification resistance
a: no special abilities


You were on level 6 of the Dungeon.
You visited 1 branch of the dungeon, and saw 4 of its levels.

You collected 188 gold pieces.

Inventory:

Hand Weapons
 a - a +1 war axe (weapon)
Armour
 c - a +0 buckler (worn)
 e - a +0 plate armour (worn)
 k - a +0 cloak (worn)
Jewellery
 b - an amulet of the acrobat
 g - a ring of positive energy (left hand)
Potions
 d - a potion of might
 f - a potion of lignification {unknown}
 h - a potion of flight {unknown}
 i - a potion of curing {unknown}
 j - a potion of heal wounds {unknown}


   Skills:
 + Level 4.7 Fighting
 + Level 4.7 Axes
 + Level 4.2 Armour
 + Level 3.8 Shields


You had 5 spell levels left.
You didn't know any spells.
Your spell library was empty.

Dungeon Overview and Level Annotations

Branches:
Dungeon (6/15)
 Temple: D:4-7

Altars:


Innate Abilities, Weirdness & Mutations

You are immune to sickness and miasma.
Your stone body is resilient. (AC +4)
You are immune to poison.
You resist negative energy. (rN+)
You are resistant to electric shocks. (rElec)
You are resistant to unholy torment.
You are immune to petrification.


Message History

You barely miss the black bear.
The black bear is severely wounded.
You hit the phantom but do no damage. You miss the ufetubus.
The ufetubus hits you but does no damage. x2
The black bear bites you!
The black bear claws you but does no damage. x2
The phantom hits you but does no damage.
The ufetubus hits you but does no damage. x2
The black bear bites you but does no damage.
The black bear claws you but does no damage. x2
The phantom hits you but does no damage.
You slash the black bear!
The black bear is almost dead.
You barely miss the phantom. You hit the ufetubus.
The ufetubus hits you but does no damage.
The ufetubus hits you. The black bear bites you!
* * * LOW HITPOINT WARNING * * *
The black bear claws you but does no damage.
The black bear barely misses you. The ufetubus barely misses you.
The ufetubus hits you but does no damage.
The black bear bites you but does no damage.
You block the black bear's attack.
The black bear claws you but does no damage.
The phantom hits you but does no damage.
You hit the black bear.
The black bear is almost dead.
You barely miss the ufetubus. You hit the phantom but do no damage.
The ufetubus hits you but does no damage.
You block the ufetubus's attack.
The black bear bites you but does no damage.
You block the black bear's attack. The black bear claws you.
* * * LOW HITPOINT WARNING * * *
The ufetubus hits you but does no damage.
The ufetubus hits you.
* * * LOW HITPOINT WARNING * * *
The black bear bites you.
* * * LOW HITPOINT WARNING * * *
The black bear claws you but does no damage. x2
The phantom hits you.
You die...

.. ......
..#..#..
#..#...
##..#..# . .
......##.. #.
.........
#.##W.......
### #..@.#..
#..##..h5#.
#.#........
#....###)##..
##...## #.#
..#
#...>.###.#
.. ###...##.#
. #..#..#..#
#.#..#.##....


You could see a black bear (berserk), a phantom and an ufetubus.

Vanquished Creatures
  A black bear (D:6)
  A bullfrog (D:6)
  A kobold brigand (D:6)
  4 gnolls (D:2)
  3 adders
  3 worms (D:2)
  A dart slug (D:2)
  An orc (D:3)
  2 ball pythons (D:1)
  7 bats
  5 endoplasms
  3 giant cockroaches
  6 hobgoblins
  7 jackals (D:1)
  11 kobolds
  3 quokkas
  A frilled lizard (D:1)
  3 goblins
  3 rats
66 creatures vanquished.

Vanquished Creatures (others)
  3 fungi (D:3)
  2 toadstools (D:3)
5 creatures vanquished.

Grand Total: 71 creatures vanquished

Notes
Turn   | Place    | Note
-------+----------+-------------------------------------------
     0 | D:1      | bande the Gargoyle Fighter began the quest for the Orb.
     0 | D:1      | Reached XP level 1. HP: 14/14 MP: 1/1
   102 | D:1      | Reached XP level 2. HP: 20/20 MP: 2/2
   407 | D:1      | Reached XP level 3. HP: 24/24 MP: 3/3
   937 | D:2      | Reached XP level 4. HP: 27/29 MP: 4/4
  1052 | D:2      | Identified the +6 dagger of Eternal War {freeze, rPois rF-
                  | Int+10 Dex-4}
  1329 | D:2      | Reached XP level 5. HP: 21/34 MP: 5/5
  1656 | D:3      | Found a faded altar of an unknown god.
  1757 | D:3      | You fall into a shaft and drop 3 floors!
  1762 | D:6      | Noticed a kobold brigand
  1767 | D:6      | Noticed a black bear
  1771 | D:6      | Killed a kobold brigand
  1774 | D:6      | Noticed a phantom
  1791 | D:6      | Killed a black bear
  1791 | D:6      | Noticed a black bear
  1792 | D:6      | Reached XP level 6. HP: 33/39 MP: 6/6
  1806 | D:6      | Slain by a phantom

Illustrated notes

Levels and vault maps discovered:
D:1:      psy_arrival_whirlpool, layout_loops_ring
D:2:      layout_loops_ring, minmay_split_cup_small
D:3:      layout_loops_ring, basic_ecumenical_altar, minmay_gold_behind_fungi,
          minmay_misc_feat_chi, minmay_fractal_squares_diagonal_5, uniq_robin,
          uniq_jessica
D:6:      layout_layer_cave, lemuel_crystal_altar, portal_sewer_entry_f,
          uniq_edmund, uniq_duvessa

Skill      XL: |  1  2  3  4  5 |
---------------+----------------+-----
Fighting       | 4 |  4.7
Axes           | 2 3 4 |  4.7
Armour         | 4 |  4.2
Shields        | |  3.8

Action                   |  1- 3 |  4- 6 || total
-------------------------+-------+-------++-------
Melee: War axe           |   103 |    97 ||   200
  Use: Scroll            |       |     5 ||     5
Armor: Scale mail        |    25 |       ||    25
       Plate armour      |    47 |   112 ||   159
Dodge: Dodged            |    40 |    32 ||    72
Block: Buckler           |    29 |    20 ||    49

Table legend: (Time is in decaauts)
 A = Elapsed time spent in this place.
 B = Non-inter-level travel time spent in this place.
 C = Inter-level travel time spent in this place.
 D = Time resting spent in this place.
 E = Time spent auto-exploring this place.
 F = Levels seen in this place.
 G = Mean time per level.
                   A        B        C        D        E       F      G
               +--------+--------+--------+--------+--------+-----+--------+
         Total |   1886 |   1856 |     30 |     80 |   1236 |   4 |  471.5 |
       Dungeon |   1886 |   1856 |     30 |     80 |   1236 |   4 |  471.5 |
               +--------+--------+--------+--------+--------+-----+--------+

Top non-repeatable levels by time:
     D:1: 932 daAuts
     D:2: 767 daAuts
     D:3: 125 daAuts
     D:6: 62 daAuts
